 Dungeon Crawl Stone Soup version 0.26-a0-661-g406de6ba63 (webtiles) character file.

Game seed: 13903274318260500681

12433 robertstho the Summoner (level 11, -6/124 HPs)
             Began as a Gnoll Summoner on Oct 8, 2020.
             Was a Priest of Sif Muna.
             Mangled by an ice dragon (9 damage)
             ... in an ice cave.
             The game lasted 01:08:04 (20160 turns).

robertstho the Summoner (Gnoll Summoner)           Turns: 20160, Time: 01:08:05

Health: -6/124     AC: 15    Str: 12    XL:     11   Next: 93%
Magic:  19/23      EV: 17    Int: 23    God:    Sif Muna [***...]
Gold:   1139       SH:  0    Dex: 21    Spells: 10/27 levels left

rFire    . . .     SeeInvis +   h - +0 great sword (flame)
rCold    + . .     Faith    .   (shield currently unavailable)
rNeg     . . .     Spirit   .   c - +4 ring mail {rC+}
rPois    .         Reflect  .   v - +2 hat {Int+3}
rElec    .         Harm     .   (no cloak)
rCorr    .         Rampage  .   A - +2 pair of gloves {archery}
MR       .....                  (no boots)
Stlth    ..........             (no amulet)
HPRegen  0.30/turn              i - ring of see invisible
MPRegen  0.18/turn              J - +6 ring of dexterity

@: berserking, very quick
A: distributed training, fangs 1, strong nose
a: Channel Magic, Forget Spell, Renounce Religion


You were in an ice cave.
You worshipped Sif Muna.
Sif Muna was most pleased with you.
You visited 3 branches of the dungeon, and saw 16 of its levels.
You also visited: Ice Cave and Volcano.

You collected 1139 gold pieces.

Inventory:

Hand Weapons
 a - a +4 falchion of freezing
 h - a +0 great sword of flaming (weapon)
 w - a +2 vorpal long sword
 F - a +0 long sword of holy wrath
 H - a +1 dagger of venom
Missiles
 d - 6 curare-tipped darts (quivered)
Armour
 c - a +4 ring mail of cold resistance (worn)
 v - a +2 hat of intelligence (worn)
 y - a +2 robe
 A - a +2 pair of gloves of archery (worn)
 G - +0 acid dragon scales
Magical Staves
 I - an uncursed staff of cold
Jewellery
 i - a ring of see invisible (left hand)
 J - a +6 ring of dexterity (right hand)
Wands
 l - a wand of flame (32)
 m - a wand of paralysis (14)
 D - a wand of iceblast (24)
Scrolls
 b - 9 scrolls of remove curse
 j - 2 scrolls of fear
 k - 2 scrolls of fog {unknown}
 o - 4 scrolls of teleportation {unknown}
 p - 5 scrolls of enchant weapon
 r - a scroll of holy word {unknown}
 s - 2 scrolls of magic mapping
 t - 4 scrolls of immolation
 B - a scroll of summoning {unknown}
 M - a scroll of enchant armour
 O - a scroll of identify
 P - a scroll of blinking
Potions
 e - 3 potions of lignification
 f - 2 potions of stabbing
 n - 3 potions of mutation
 q - 2 potions of flight
 u - a potion of haste
 z - 3 potions of resistance {unknown}
 C - 2 potions of brilliance
 E - 3 potions of magic
 K - 2 potions of cancellation
 L - 2 potions of might
 N - a potion of berserk rage
Miscellaneous
 x - a tin of tremorstones (3/3)


   Skills:
 + Level 6.7 Fighting
 + Level 6.7 Short Blades
 + Level 6.7 Long Blades
 + Level 6.7 Axes
 + Level 6.7 Maces & Flails
 + Level 6.7 Polearms
 + Level 6.7 Staves
 + Level 6.7 Slings
 + Level 6.7 Bows
 + Level 6.7 Crossbows
 + Level 6.7 Throwing
 + Level 6.7 Armour
 + Level 8.2 Dodging
 + Level 8.0 Stealth
 + Level 6.7 Shields
 + Level 6.7 Unarmed Combat
 + Level 8.5 Spellcasting
 + Level 5.6 Conjurations
 + Level 5.6 Hexes
 + Level 9.1 Summonings
 + Level 5.6 Necromancy
 + Level 5.6 Translocations
 + Level 5.6 Transmutations
 + Level 5.6 Fire Magic
 + Level 5.6 Ice Magic
 + Level 5.6 Air Magic
 + Level 5.6 Earth Magic
 + Level 5.6 Poison Magic
 + Level 7.4 Invocations
 + Level 6.7 Evocations


You had 10 spell levels left.
You knew the following spells:

 Your Spells              Type           Power        Failure   Level
a - Summon Small Mammal   Summ           ####         1%          1
b - Call Imp              Summ           ######..     1%          2
c - Call Canine Familiar  Summ           ######..     1%          3
d - Summon Guardian Gole  Hex/Summ       #####...     1%          3
e - Summon Ice Beast      Ice/Summ       #####...     6%          4
f - Summon Lightning Spi  Summ/Air       #####...     6%          4

Your spell library contained the following spells:

 Spells                   Type           Power        Failure   Level
 Apportation              Tloc           #####.       1%          1
 Beastly Appendage        Tmut           #####.       1%          1
 Shock                    Conj/Air       ####         1%          1
 Swiftness                Air            #####...     1%          2
 Wereblood                Tmut           #####...     1%          2
 Lesser Beckoning         Tloc           #####.....   4%          3
 Spider Form              Tmut/Pois      #####.....   4%          3
 Static Discharge         Conj/Air       #####...     4%          3
 Tukima's Dance           Hex            #####...     4%          3
 Airstrike                Air            #####.....   14%         4
 Ice Form                 Ice/Tmut       #####...     14%         4
 Alistair's Intoxication  Tmut/Pois      #####....    36%         5
 Blade Hands              Tmut           #####.....   36%         5
 Lightning Bolt           Conj/Air       #####.....   36%         5
 Invisibility             Hex            #####...     91%         6


Dungeon Overview and Level Annotations

Branches:
Dungeon (12/15)            Temple (1/1) D:6            Lair (3/6) D:9
 Spider (0/4) Lair:2          Orc (0/2) D:11          IceCv (1/1)
Volcano (visited)
  Swamp: Lair:2-4    Shoals: Lair:2-4

Altars:
Ashenzari
Cheibriados
Dithmenos
Elyvilon
Fedhas
Gozag
Hepliaklqana
Kikubaaqudgha
Makhleb
Nemelex Xobeh
Okawaru
Qazlal
Ru
Sif Muna
Trog
Uskayaw
Vehumet
Wu Jian
Xom
Yredelemnul
Zin
The Shining One

Shops:
D:5 (   D:7 [   D:11 *

Annotations:
D:10 1 runed translucent door


Innate Abilities, Weirdness & Mutations

Your experience applies equally to all skills.
You have very sharp teeth.
Your uncanny sense of smell can sniff out nearby items.


Message History

You feel yourself moving faster!
You feel mighty! The ice dragon bites you.
* * * LOW HITPOINT WARNING * * *
The ice dragon barely misses you.
The ice dragon tramples you but does no damage.
Unknown command.
You closely miss the ice dragon.
The ice dragon is severely wounded.
The ice dragon bites you.
* * * LOW HITPOINT WARNING * * *
The ice dragon claws you!
* * * LOW HITPOINT WARNING * * *
The ice dragon tramples you.
* * * LOW HITPOINT WARNING * * *
You hold your ground!
You hit the ice dragon but do no damage.
The ice dragon is heavily wounded.
You hit the ice dragon. You burn the ice dragon. You bite the ice dragon.
The ice dragon is severely wounded.
The ice dragon bites you!
You die...

.###.#.#...#.#...###
###........
....#....######.##
###....## ..########
### ##..### ###
###..## ######...##
##......###
##....#### ###
##..#### ∆∆∆∆∆∆∆
##§###@8##
∆∆∆∆∆∆#....#D## ∆∆∆∆
#.##§..# .
∆∆###..##### ..D
##Y##...#
.....#DYY...##
#....D.#### ########


You could see an ice dragon and a friendly guardian golem (summoned).

Vanquished Creatures
  A fire dragon (Volcano)
  A boulder beetle (D:9)
  A salamander (Volcano)
  An ice statue (IceCv)
  A nameless horror (D:11)
  A troll (D:11)
  A yak (D:11)
  Duvessa (D:5)
  5 ice beasts
  A sky beast (D:9)
  3 bullfrogs
  A wyvern zombie (D:7)
  A water moccasin zombie (D:4)
  Dowan (D:5)
  A scorpion (D:5)
  A bullfrog zombie (D:6)
  2 orc priests
  5 hounds
  A worker ant (D:5)
  An ogre zombie (D:11)
  Robin (D:3)
  A white imp (D:5)
  A dart slug (D:3)
  3 fire bats (D:3)
  A leopard gecko (D:1)
  4 orcs (D:8)
  A spectral bat (D:3)
  2 bat skeletons (D:3)
  4 goblins
  4 hobgoblins
  3 jackals (D:8)
  7 quokkas
  8 bats
  2 frilled lizards
  A hobgoblin zombie (D:11)
  A kobold (D:2)
  A quokka skeleton (D:5)
  3 rats
79 creatures vanquished.

Vanquished Creatures (collateral kills)
  Gastronok (Lair:1)
  A hydra (Lair:2)
  Pikel (D:8)
  2 salamanders (Volcano)
  An oklob plant (Lair:2)
  A cyclops (D:12)
  2 black mambas (Lair:3)
  A centaur zombie (D:11)
  An ice statue (IceCv)
  Maggie (D:6)
  2 rime drakes (IceCv)
  9 komodo dragons
  3 trolls
  A hornet (D:9)
  A polar bear (Lair:2)
  2 shadows
  9 yaks
  4 wyverns (Volcano)
  Eustachio (D:6)
  4 fire bats (Volcano)
  An acid dragon (D:10)
  3 water moccasins (Lair:1)
  18 ice beasts
  3 orc warriors
  2 phantoms
  2 sky beasts (D:10)
  A black bear (D:6)
  A necrophage (D:6)
  7 ogres
  2 centaurs (D:7)
  9 bullfrogs
  A scorpion (D:10)
  A water moccasin skeleton (D:7)
  2 troll zombies (D:11)
  4 wights (D:8)
  8 killer bees
  A vampire bat (D:3)
  5 nameless horrors
  A howler monkey (D:4)
  5 orc priests
  2 hounds
  A gnoll shaman (D:8)
  A bullfrog skeleton (D:7)
  An iguana (D:10)
  12 orc wizards
  9 worker ants
  5 ogre zombies (D:11)
  A hound skeleton (D:9)
  7 gnolls
  3 adders
  2 shadow imps
  An ufetubus (D:10)
  An adder zombie (D:8)
  2 dart slugs
  3 leopard geckos
  35 orcs
  3 ball pythons
  A bat zombie (D:3)
  6 giant cockroaches
  8 goblins
  7 hobgoblins
  4 jackals (D:1)
  2 quokkas
  5 bats
  A bat simulacrum (D:3)
  A frilled lizard (D:4)
  3 goblin skeletons (D:11)
  2 goblin zombies (D:11)
  A hobgoblin zombie (D:11)
  4 kobolds
  A leopard gecko skeleton (D:4)
  2 orc skeletons (D:11)
  16 orc zombies (D:11)
  4 rats (D:1)
282 creatures vanquished.

Vanquished Creatures (others)
  2 wyverns (Volcano)
  4 steam dragons (Volcano)
  A spectral bat (D:3)
  A bat skeleton (D:3)
  7 fungi
  102 plants
  5 toadstools (D:1)
122 creatures vanquished.

Grand Total: 483 creatures vanquished

Notes
Turn   | Place    | Note
-------+----------+-------------------------------------------
     0 | D:1      | robertstho the Gnoll Summoner began the quest for the Orb.
     0 | D:1      | Reached XP level 1. HP: 13/13 MP: 6/6
   564 | D:1      | Reached XP level 2. HP: 19/19 MP: 5/7
   568 | D:1      | Learned a level 2 spell: Call Imp
  1926 | D:2      | Reached skill level 5 in Spellcasting
  1926 | D:2      | Reached XP level 3. HP: 25/25 MP: 4/9
  2078 | D:2      | Found an ornate altar of the Wu Jian Council.
  2220 | D:2      | Reached skill level 1 in Invocations
  2242 | D:2      | Reached skill level 1 in Fighting
  2242 | D:2      | Reached skill level 1 in Short Blades
  2242 | D:2      | Reached skill level 1 in Long Blades
  2242 | D:2      | Reached skill level 1 in Axes
  2242 | D:2      | Reached skill level 1 in Maces & Flails
  2242 | D:2      | Reached skill level 1 in Polearms
  2242 | D:2      | Reached skill level 1 in Staves
  2242 | D:2      | Reached skill level 1 in Slings
  2242 | D:2      | Reached skill level 1 in Bows
  2242 | D:2      | Reached skill level 1 in Crossbows
  2242 | D:2      | Reached skill level 1 in Throwing
  2242 | D:2      | Reached skill level 1 in Armour
  2242 | D:2      | Reached skill level 1 in Shields
  2242 | D:2      | Reached skill level 1 in Unarmed Combat
  2242 | D:2      | Reached skill level 1 in Evocations
  2524 | D:3      | Reached XP level 4. HP: 31/32 MP: 4/11
  2589 | D:3      | Noticed Robin
  2605 | D:3      | Killed Robin
  2720 | D:3      | Learned a level 3 spell: Call Canine Familiar
  2721 | D:3      | Reached skill level 1 in Conjurations
  2721 | D:3      | Reached skill level 1 in Hexes
  2721 | D:3      | Reached skill level 1 in Necromancy
  2721 | D:3      | Reached skill level 1 in Translocations
  2721 | D:3      | Reached skill level 1 in Transmutations
  2721 | D:3      | Reached skill level 1 in Fire Magic
  2721 | D:3      | Reached skill level 1 in Ice Magic
  2721 | D:3      | Reached skill level 1 in Air Magic
  2721 | D:3      | Reached skill level 1 in Earth Magic
  2721 | D:3      | Reached skill level 1 in Poison Magic
  2724 | D:3      | Learned a level 3 spell: Summon Guardian Golem
  2729 | D:3      | Learned a level 4 spell: Summon Ice Beast
  2818 | D:3      | Found a faded altar of an unknown god.
  3111 | D:3      | Found a glowing golden altar of the Shining One.
  3120 | D:3      | Found an iron altar of Okawaru.
  3371 | D:3      | Reached XP level 5. HP: 36/37 MP: 8/12
  3678 | D:4      | Reached XP level 6. HP: 43/44 MP: 4/13
  3831 | D:4      | Reached skill level 5 in Dodging
  4587 | D:5      | Entered Level 5 of the Dungeon
  4791 | D:5      | Found Koaxom's Antique Weapon Boutique.
  4954 | D:5      | Noticed Dowan
  4955 | D:5      | Noticed Duvessa
  4958 | D:5      | Noticed an orc warrior
  4976 | D:5      | Reached XP level 7. HP: 36/50 MP: 0/15
  5024 | D:5      | Killed Duvessa
  5025 | D:5      | Killed Dowan
  5502 | D:5      | Reached skill level 5 in Stealth
  5779 | D:6      | Noticed Maggie
  5781 | D:6      | You fall into a shaft and drop 2 floors!
  5814 | D:8      | Learned a level 4 spell: Summon Lightning Spire
  6082 | D:7      | Found Kygirchoasch's Antique Armour Shoppe.
  6182 | D:7      | Reached XP level 8. HP: 57/57 MP: 6/16
  7098 | D:6      | Found a radiant altar of Vehumet.
  7119 | D:6      | Found a stormy altar of Qazlal.
  7139 | D:6      | Noticed Eustachio
  7159 | D:6      | Killed Maggie
  7179 | D:6      | Killed Eustachio
  7430 | D:6      | Found a staircase to the Ecumenical Temple.
  7444 | Temple   | Entered the Ecumenical Temple
  7564 | Temple   | Became a worshipper of Sif Muna the Loreminder
  8418 | D:8      | Noticed Pikel
  8439 | D:8      | Killed Pikel
  8439 | D:8      | Reached XP level 9. HP: 65/65 MP: 2/18
  8686 | D:8      | Found an ancient bone altar of Kikubaaqudgha.
  9454 | D:9      | Found a staircase to the Lair.
  9488 | D:9      | Reached * piety under Sif Muna
  9549 | D:9      | Noticed a hornet
  9558 | D:9      | Paralysed by a hornet for 3 turns
  9559 | D:9      | Killed a hornet
  9559 | D:9      | Reached skill level 8 in Summonings
  9974 | D:9      | Found a hide-covered altar of Uskayaw.
 10147 | D:9      | Noticed a troll
 10154 | D:9      | Killed a troll
 10312 | D:9      | Noticed a boulder beetle
 10332 | D:9      | Killed a boulder beetle
 10332 | D:9      | Reached skill level 5 in Invocations
 10655 | D:10     | Entered Level 10 of the Dungeon
 10876 | D:10     | Reached XP level 10. HP: 73/73 MP: 2/20
 11385 | D:10     | Reached skill level 5 in Fighting
 11385 | D:10     | Reached skill level 5 in Short Blades
 11385 | D:10     | Reached skill level 5 in Long Blades
 11385 | D:10     | Reached skill level 5 in Axes
 11385 | D:10     | Reached skill level 5 in Maces & Flails
 11385 | D:10     | Reached skill level 5 in Polearms
 11385 | D:10     | Reached skill level 5 in Staves
 11385 | D:10     | Reached skill level 5 in Slings
 11385 | D:10     | Reached skill level 5 in Bows
 11385 | D:10     | Reached skill level 5 in Crossbows
 11385 | D:10     | Reached skill level 5 in Throwing
 11385 | D:10     | Reached skill level 5 in Armour
 11385 | D:10     | Reached skill level 5 in Shields
 11385 | D:10     | Reached skill level 5 in Unarmed Combat
 11385 | D:10     | Reached skill level 5 in Evocations
 12223 | D:10     | Found a runed translucent door.
 12251 | D:10     | Reached ** piety under Sif Muna
 12661 | D:10     | Noticed a fire crab
 13154 | D:11     | Found Urhor's Elemental Accessories.
 13443 | D:11     | Reached *** piety under Sif Muna
 13611 | D:11     | Found a staircase to the Orcish Mines.
 14378 | D:12     | Noticed a cyclops
 14381 | D:12     | Noticed a storm dragon
 14387 | D:12     | Noticed a nameless horror
 14389 | D:12     | Noticed a deep troll earth mage
 14392 | D:12     | Killed a cyclops
 14423 | D:11     | Killed a nameless horror
 14679 | Lair:1   | Entered Level 1 of the Lair of Beasts
 14685 | Lair:1   | Identified a scroll of acquirement
 14686 | Lair:1   | Acquired a book of Air
 15012 | Lair:1   | Found a dark tunnel.
 15018 | Lair:1   | Noticed Gastronok
 15034 | Lair:1   | Killed Gastronok
 15034 | Lair:1   | Reached XP level 11. HP: 57/81 MP: 22/22
 15050 | Volcano  | Entered a volcano
 15383 | Volcano  | Noticed a salamander
 15401 | Volcano  | Killed a salamander
 15401 | Volcano  | Reached skill level 5 in Conjurations
 15401 | Volcano  | Reached skill level 5 in Hexes
 15401 | Volcano  | Reached skill level 5 in Necromancy
 15401 | Volcano  | Reached skill level 5 in Translocations
 15401 | Volcano  | Reached skill level 5 in Transmutations
 15401 | Volcano  | Reached skill level 5 in Fire Magic
 15401 | Volcano  | Reached skill level 5 in Ice Magic
 15401 | Volcano  | Reached skill level 5 in Air Magic
 15401 | Volcano  | Reached skill level 5 in Earth Magic
 15401 | Volcano  | Reached skill level 5 in Poison Magic
 15570 | Volcano  | Noticed a salamander
 15580 | Volcano  | Noticed a salamander
 15841 | Volcano  | Killed a salamander
 16014 | Volcano  | Killed a salamander
 16452 | Volcano  | Noticed a fire dragon
 16475 | Volcano  | Killed a fire dragon
 17146 | Lair:1   | Reached skill level 9 in Summonings
 17404 | Lair:2   | Noticed a four-headed hydra
 17411 | Lair:2   | Killed a four-headed hydra
 17536 | Lair:2   | Noticed an oklob plant
 17554 | Lair:2   | Killed an oklob plant
 17865 | Lair:2   | Found a hole to the Spider Nest.
 18489 | Lair:3   | Found a frozen archway.
 18498 | IceCv    | Entered an ice cave
 20087 | IceCv    | Noticed an ice dragon
 20087 | IceCv    | Noticed an ice dragon
 20158 | IceCv    | HP: 5/124 [ice dragon (9)]
 20158 | IceCv    | HP: 2/124 [ice dragon (3)]
 20160 | IceCv    | Mangled by an ice dragon

Illustrated notes

Levels and vault maps discovered:
D:1:      ldierk_walled_garden, layout_basic
D:2:      layout_rooms, lemuel_round_altar, kennysheep_boxes
D:3:      layout_basic, grunt_temple_overflow_open,
          chequers_ecumenical_altar_simple_redux, minmay_parallelograms,
          goddamned_bats, uniq_robin
D:4:      layout_rooms, grunt_decor_resistance
D:5:      layout_loops_ring, serial_shops, nicolae_shop_window_shopping,
          uniq_duvessa
D:6:      layout_loops_ring, nicolae_overflow_crystal_walls, kennysheep_mini,
          minmay_temple_entry_hall, minmay_diced_spiral, uniq_eustachio,
          uniq_maggie
D:7:      layout_cave_pods, serial_shops, shop
D:8:      layout_gridville, lemuel_doored_altar, uniq_pikel
D:9:      layout_rooms, kennysheep_little_box, lair_entry_dummy,
          minmay_misc_feat_doors
D:10:     gammafunk_mikee_crab_dinner, layout_irregular_city
D:11:     layout_gridville, zombieorc2_lemuel, nicolae_elemental_shop
D:12:     minmay_strange_plus, layout_small_grid
Temple:   regret_index_temple_waves
Lair:1:   layout_regular_city, nicolae_volcano_entry_lava_flow, uniq_gastronok
Lair:2:   layout_loops_ring, spider_nest_entry_web_field, grunt_megastairs_1
Lair:3:   layout_cave_pods, portal_ice_cave_entry_ice_beasts, minmay_holes
IceCv:    ice_cave_small_dragons

Skill      XL: |  1  2  3  4  5  6  7  8  9 10 11 |
---------------+----------------------------------+-----
Spellcasting   | 5 6 7 8 |  8.5
Invocations    | 1 2 3 4 5 6 7 |  7.4
Fighting       | 1 2 3 4 5 6 |  6.7
Short Blades   | 1 2 3 4 5 6 |  6.7
Long Blades    | 1 2 3 4 5 6 |  6.7
Axes           | 1 2 3 4 5 6 |  6.7
Maces & Flails | 1 2 3 4 5 6 |  6.7
Polearms       | 1 2 3 4 5 6 |  6.7
Staves         | 1 2 3 4 5 6 |  6.7
Slings         | 1 2 3 4 5 6 |  6.7
Bows           | 1 2 3 4 5 6 |  6.7
Crossbows      | 1 2 3 4 5 6 |  6.7
Throwing       | 1 2 3 4 5 6 |  6.7
Armour         | 1 2 3 4 5 6 |  6.7
Shields        | 1 2 3 4 5 6 |  6.7
Unarmed Combat | 1 2 3 4 5 6 |  6.7
Evocations     | 1 2 3 4 5 6 |  6.7
Conjurations   | 1 2 3 4 5 |  5.6
Hexes          | 1 2 3 4 5 |  5.6
Necromancy     | 1 2 3 4 5 |  5.6
Translocations | 1 2 3 4 5 |  5.6
Transmutations | 1 2 3 4 5 |  5.6
Fire Magic     | 1 2 3 4 5 |  5.6
Ice Magic      | 1 2 3 4 5 |  5.6
Air Magic      | 1 2 3 4 5 |  5.6
Earth Magic    | 1 2 3 4 5 |  5.6
Poison Magic   | 1 2 3 4 5 |  5.6
Dodging        | 5 6 7 8 |  8.2
Stealth        | 5 6 7 8 |  8.0
Summonings     | 8 9 |  9.1

Action                   |  1- 3 |  4- 6 |  7- 9 | 10-12 || total
-------------------------+-------+-------+-------+-------++-------
Melee: Unarmed           |    21 |       |       |       ||    21
       Bite              |     3 |     9 |    10 |    54 ||    76
       Short sword       |     8 |       |       |       ||     8
       Falchion          |    19 |    52 |    17 |       ||    88
       Punch             |       |     2 |     5 |     8 ||    15
       Dagger            |       |    13 |    11 |   216 ||   240
       Long sword        |       |     3 |    58 |    10 ||    71
       Great sword       |       |       |       |    35 ||    35
 Cast: Summon Small Mamm |    31 |     3 |     3 |       ||    37
       Call Imp          |    31 |    31 |    12 |       ||    74
       Call Canine Famil |       |    13 |    26 |    34 ||    73
       Summon Ice Beast  |       |     1 |    47 |   142 ||   190
       Summon Lightning  |       |       |    22 |    66 ||    88
       Summon Guardian G |       |       |       |     6 ||     6
Invok: Channel Magic     |       |       |     1 |    12 ||    13
Evoke: Wand              |       |       |     4 |       ||     4
  Use: Potion            |     1 |       |     6 |     7 ||    14
       Scroll            |     3 |       |    11 |    10 ||    24
 Stab: Sleeping          |     1 |     1 |     5 |     1 ||     8
       Paralysed         |       |       |     7 |       ||     7
       Distracted        |       |       |       |     5 ||     5
Armor: Robe              |    12 |    32 |    18 |     4 ||    66
       Skin              |       |       |    17 |       ||    17
       Ring mail         |       |       |       |    84 ||    84
Dodge: Dodged            |    64 |   104 |   114 |   196 ||   478
       Rpst.: Falchion   |    10 |    33 |     8 |       ||    51
       Long sword        |       |     1 |    11 |     2 ||    14
       Great sword       |       |       |       |     3 ||     3

Table legend: (Time is in decaauts)
 A = Elapsed time spent in this place.
 B = Non-inter-level travel time spent in this place.
 C = Inter-level travel time spent in this place.
 D = Time resting spent in this place.
 E = Time spent auto-exploring this place.
 F = Levels seen in this place.
 G = Mean time per level.
                   A        B        C        D        E       F      G
               +--------+--------+--------+--------+--------+-----+--------+
         Total |  20142 |  19555 |    587 |   2625 |  13329 |  18 | 1119.0 |
       Dungeon |  14540 |  14084 |    456 |    664 |  10990 |  12 | 1211.7 |
        Temple |    149 |     76 |     73 |      0 |     73 |   1 |  149.0 |
          Lair |   2118 |   2061 |     57 |      0 |   1748 |   3 |  706.0 |
      Ice Cave |   1639 |   1639 |      0 |    812 |    289 |   1 | 1639.0 |
       Volcano |   1694 |   1694 |      0 |   1149 |    228 |   1 | 1694.0 |
               +--------+--------+--------+--------+--------+-----+--------+

Top non-repeatable levels by time:
    D:10: 2183 daAuts
     D:1: 1734 daAuts
 Volcano: 1694 daAuts
   IceCv: 1639 daAuts
    D:11: 1639 daAuts
     D:9: 1370 daAuts
     D:8: 1331 daAuts
     D:3: 1207 daAuts
     D:5: 1166 daAuts
     D:7: 1127 daAuts
     D:6: 1076 daAuts
  Lair:1: 1015 daAuts
     D:4: 933 daAuts
  Lair:2: 791 daAuts
     D:2: 728 daAuts
